 Dungeon Sprint DCSS version 0.26-a0-710-g95a0c6c400 (webtiles) character file.

Game seed: 17343667782956390179

775 Barefoot the Basher (level 7, -2/80 HPs)
             Began as a Troll Berserker on Oct 30, 2020.
             Was a Priest of Trog.
             Slain by a kobold demonologist
             ... wielding a +0 dagger
              (4 damage)
             ... in the Dungeon (Sprint I: "Red Sonja").
             The game lasted 00:16:40 (403 turns).

Barefoot the Basher (Troll Berserker)                Turns: 403, Time: 00:16:41

Health: -2/80      AC: -14   Str: 28      XL:     7   Next: 54%
Magic:  6/6        EV: 12    Int:  3      God:    Trog [***...]
Gold:   216        SH:  0    Dex:  7 (9)  Spells: 6/6 levels left

rFire    . . .     SeeInvis .   k - +1 scythe (holy)
rCold    . . .     Faith    .   (shield currently unavailable)
rNeg     . . .     Spirit   .   b - +0 animal skin
rPois    .         Reflect  .   (helmet restricted)
rElec    .         Harm     .   (no cloak)
rCorr    .         Rampage  .   (gloves unavailable)
MR       ++...     NoTele   +   (boots unavailable)
Stlth    +.........             (no amulet)
HPRegen  1.63/turn              (no ring)
MPRegen  0.10/turn              (no ring)

@: corroded, berserk cooldown, regenerating, slowed, very slow
A: large, unfitting armour, claws 3, regeneration 1, shaggy fur 1, tough skin 3
a: Berserk, Trog's Hand, Renounce Religion


You were in the Dungeon.
You worshipped Trog.
Trog was most pleased with you.
You visited 1 branch You collected 216 gold pieces.

Inventory:

Hand Weapons
 a - a +0 mace
 j - a +0 giant club
 k - a +1 scythe of holy wrath (weapon)
Armour
 b - a +0 animal skin (worn)
Potions
 f - 2 potions of magic
 g - a potion of berserk rage


   Skills:
 + Level 8.0 Fighting
 + Level 9.1 Maces & Flails
 + Level 3.1 Polearms
 + Level 8.4 Dodging
 + Level 0.6 Stealth


You had 6 spell levels left.
You didn't know any spells.
Your spell library was empty.

Dungeon Overview and Level Annotations

Branches:
Dungeon (1/1)

Altars:
Makhleb
Xom
Jiyva
Lugonu


Innate Abilities, Weirdness & Mutations

You are too large for most types of armour.
You have claws for hands.
Your natural rate of healing is unusually fast.
You are covered in fur. (AC +1)
You have extremely tough skin. (AC +3)


Message History

Are you sure you want to leave the Dungeon?
This will make you lose the game!
Alright, then stay!
The kobold demonologist barely misses you.
You miss the kobold demonologist.
The kobold demonologist mumbles some strange words. x2
The kobold demonologist hits you with a +0 dagger.
* * * LOW HITPOINT WARNING * * *
Your skin crawls.
You feel resistant to hostile enchantments.
The kobold demonologist barely misses you.
You hit the kobold demonologist but do no damage.
The kobold demonologist hits you with a +0 dagger.
* * * LOW HITPOINT WARNING * * *
The kobold demonologist hits you with a +0 dagger.
* * * LOW HITPOINT WARNING * * *
The hellwing hits you!
* * * LOW HITPOINT WARNING * * *
The hellwing misses you.
The kobold demonologist hits you with a +0 dagger.
You die...

###################
#<@#[.K..#..5.[#__#
#.4K.5#..'†.#..5.5'
#..#####+#####+#__#
#..# #### #..# #..#
#⌠⌠# ####


You could see a hellwing (summoned), a kobold demonologist and a white imp
(summoned).

Vanquished Creatures
  A kobold demonologist (D)
  A slime creature (D)
  Sigmund (D)
  A floating eye (D)
  An ogre (D)
  Ijyb (D)
6 creatures vanquished.

Notes
Turn   | Place    | Note
-------+----------+-------------------------------------------
     0 | D        | Barefoot the Troll Berserker began the quest for the Orb.
     0 | D        | Reached XP level 1. HP: 22/22 MP: 0/0
     1 | D        | Noticed Ijyb
    28 | D        | Killed Ijyb
    28 | D        | Reached skill level 4 in Maces & Flails
    28 | D        | Reached XP level 2. HP: 22/32 MP: 1/1
    70 | D        | Noticed an ogre
    74 | D        | Killed an ogre
    74 | D        | Reached skill level 5 in Maces & Flails
    74 | D        | Reached skill level 5 in Dodging
    74 | D        | Reached XP level 3. HP: 41/41 MP: 2/2
    74 | D        | Reached XP level 4. HP: 49/49 MP: 3/3
   217 | D        | Noticed Sigmund
   220 | D        | Killed Sigmund
   220 | D        | Reached ** piety under Trog
   220 | D        | Reached skill level 7 in Maces & Flails
   220 | D        | Reached XP level 5. HP: 59/59 MP: 4/4
   274 | D        | Found a burning altar of Makhleb.
   274 | D        | Found a viscous altar of Jiyva.
   274 | D        | Found a shimmering altar of Xom.
   274 | D        | Found a corrupted altar of Lugonu.
   274 | D        | Noticed a slime creature
   284 | D        | Killed a slime creature
   284 | D        | Reached skill level 8 in Maces & Flails
   284 | D        | Reached skill level 1 in Polearms
   284 | D        | Reached XP level 6. HP: 71/71 MP: 5/5
   338 | D        | Noticed a kobold demonologist
   338 | D        | Noticed a floating eye
   338 | D        | Noticed a kobold demonologist
   341 | D        | Paralysed by a floating eye for 3 turns
   344 | D        | Killed a floating eye
   344 | D        | Reached XP level 7. HP: 78/78 MP: 6/6
   348 | D        | Noticed a rust devil
   354 | D        | Noticed a ynoxinul
   354 | D        | Killed a kobold demonologist
   354 | D        | Reached *** piety under Trog
   354 | D        | Reached skill level 9 in Maces & Flails
   355 | D        | Noticed a red devil
   361 | D        | HP: 1/80 [ufetubus[a kobold demonologist] (4)]
   394 | D        | HP: 4/80 [iron imp[a kobold demonologist] (6)]
   402 | D        | Noticed a hellwing
   403 | D        | HP: 2/80 [hellwing[a kobold demonologist] (10)]
   403 | D        | Slain by a kobold demonologist

Illustrated notes

Levels and vault maps discovered:
D:        dungeon_sprint_1 [red_sonja_temple_1, red_sonja_temple_small_1]

Skill      XL: |  1  2  3  4  5  6  7 |
---------------+----------------------+-----
Fighting       | 3 4 6 7 8 |  8.0
Maces & Flails | 4 5 7 8 9 |  9.1
Dodging        | 3 5 6 7 8 |  8.4
Polearms       | 1 2 3 |  3.1
Stealth        | |  0.6

Action                   |  1- 3 |  4- 6 |  7- 9 || total
-------------------------+-------+-------+-------++-------
Melee: Mace              |    27 |       |       ||    27
       Giant club        |       |     1 |       ||     1
       Scythe            |       |    12 |    20 ||    32
Invok: Berserk           |     2 |     3 |     1 ||     6
       Trog's Hand       |       |       |     2 ||     2
  Use: Potion            |       |       |     3 ||     3
       Scroll            |       |       |     1 ||     1
Armor: Animal skin       |    10 |     1 |     7 ||    18
Dodge: Dodged            |     9 |     5 |    30 ||    44

Table legend: (Time is in decaauts)
 A = Elapsed time spent in this place.
 B = Non-inter-level travel time spent in this place.
 C = Inter-level travel time spent in this place.
 D = Time resting spent in this place.
 E = Time spent auto-exploring this place.
 F = Levels seen in this place.
 G = Mean time per level.
                   A        B        C        D        E       F      G
               +--------+--------+--------+--------+--------+-----+--------+
         Total |    463 |    463 |      0 |    282 |      2 |   1 |  463.0 |
       Dungeon |    463 |    463 |      0 |    282 |      2 |   1 |  463.0 |
               +--------+--------+--------+--------+--------+-----+--------+

Top non-repeatable levels by time:
       D: 463 daAuts
